 Dungeon Crawl Stone Soup version 0.28.0-56-g4927b6849a (webtiles) character file.

Game seed: 6216607907527594178

567 AarnesTheHuman the Skirmisher (level 7, -6/62 HPs)
             Began as a Hill Orc Fighter on Feb 6, 2023.
             Mangled by a large abomination (21 damage)
             ... on level 1 of the Abyss on Feb 9, 2023.
             The game lasted 00:07:30 (4464 turns).

AarnesTheHuman the Skirmisher (Hill Orc Fighter)    Turns: 4464, Time: 00:07:30

Health: -6/62      AC:  8    Str: 21    XL:     7   Next: 33%
Magic:  7/7        EV:  9    Int:  8    God:
Gold:   105        SH:  6    Dex: 10    Spells: 6/6 levels left

rFire   . . .      SeeInvis .   b - +3 dagger (speed)
rCold   . . .      Faith    .   c - +1 buckler
rNeg    . . .      Spirit   .   h - +0 scale mail
rPois   .          Reflect  .   (no helmet)
rElec   .          Harm     .   k - +0 cloak
rCorr   .          Rampage  .   (no gloves)
Will    .....                   (no boots)
Stlth   ..........              (no amulet)
HPRegen 0.20/turn               (no ring)
MPRegen 0.10/turn               (no ring)

@: no status effects
A: no striking features
a: no special abilities


You were on level 1 of the Abyss.
You visited 1 branch of the dungeon, and saw 3 of its levels.
You visited the Abyss 1 time.
You also visited: Sewer.

You collected 105 gold pieces.

Inventory:

Hand Weapons
 a - a +0 war axe
 b - a +3 dagger of speed (weapon)
 i - a +0 dagger of draining
 l - the +7 spear "Xegu" {vorpal, Int+6 Dex-2}
   (You found it on level 2 of the Dungeon)

   It inflicts extra damage upon your enemies.
   Int:       It affects your intelligence (+6).
   Dex:       It affects your dexterity (-2).
 o - a +2 dagger of venom
Missiles
 d - 5 boomerangs
 e - 161 stones (quivered)
 p - 18 poisoned darts
Armour
 c - a +1 buckler (worn)
 h - a +0 scale mail (worn)
 k - a +0 cloak (worn)
Jewellery
 f - a +6 ring of intelligence
Scrolls
 g - a scroll of vulnerability
Potions
 j - a potion of attraction
 m - 3 potions of mutation {unknown}


   Skills:
 + Level 5.8 Fighting
 + Level 5.5 Axes
 + Level 5.2 Armour
 + Level 5.3 Shields


You had 6 spell levels left.
You didn't know any spells.
Your spell library contained the following spells:

 Spells                   Type           Power      Damage    Failure   Level
 Ozocubu's Armour         Ice            0%         N/A       99%         3
 Metabolic Englaciation   Hex/Ice        0%         N/A       100%        5
 Simulacrum               Ice/Necr       0%         N/A       100%        6


Dungeon Overview and Level Annotations

Branches:
Dungeon (3/15)              Sewer (visited)

Altars:


Message History

No target in view!
Something hits you but does no damage. Space warps horribly around you!
There is an open door, spattered with blood here.
Items here: )))) ††.
You hit something. Something hits you but does no damage.
You blink.
Something hits you but does no damage.
You miss something. Something hits you but does no damage.
You are cast into the Abyss!
This branch contains the abyssal rune of Zot.
Reactivating autopickup.
Found a corrupted altar of Lugonu.
A large abomination appears in a shower of sparks.
There is an open door here.
You hit the large abomination but do no damage.
The large abomination hits you!!
You hit the large abomination but do no damage.
The large abomination hits you!
* * * LOW HITPOINT WARNING * * *
You are too injured to fight recklessly!
You are too injured to fight recklessly!
You are too injured to fight recklessly!
You are too injured to fight recklessly!
A large abomination is nearby!
The large abomination closely misses you.
The large abomination hits you.
* * * LOW HITPOINT WARNING * * *
You hit the large abomination.
The large abomination is lightly damaged.
You hit the large abomination but do no damage.
The large abomination is lightly damaged.
The large abomination hits you but does no damage.
You closely miss the large abomination.
The large abomination is lightly damaged.
The large abomination closely misses you.
You hit the large abomination but do no damage.
The large abomination is lightly damaged.
You hit the large abomination but do no damage.
The large abomination is lightly damaged.
The large abomination hits you!!
You die...

.#.#####.......
................
...............
.....#.....#...
#.#...........###
............'.
#.........#.
#..@.......#
###X....###
#....#.# ###'##
#.# #.# #_# ... .
..


You could see a large abomination.

Vanquished Creatures
  3 kobold brigands (Sewer)
  An orc priest (D:3)
  3 orc wizards (D:3)
  Terence (D:3)
  A killer bee zombie (D:3)
  4 gnolls (D:2)
  3 adders (Sewer)
  A river rat (Sewer)
  4 worms
  A dart slug (D:2)
  7 orcs
  8 endoplasms
  2 giant cockroaches (D:2)
  8 goblins
  4 hobgoblins
  3 jackals (D:3)
  10 quokkas
  6 ball pythons
  3 bats
  2 frilled lizards
  12 kobolds
  6 rats
93 creatures vanquished.

Vanquished Creatures (collateral kills)
  A howler monkey (D:3)
  A quokka (D:3)
2 creatures vanquished.

Vanquished Creatures (others)
  13 plants (D:2)
13 creatures vanquished.

Grand Total: 108 creatures vanquished

Notes
Turn   | Place    | Note
-------+----------+-------------------------------------------
     0 | D:1      | AarnesTheHuman the Hill Orc Fighter began the quest for the
                  | Orb.
     0 | D:1      | Reached XP level 1. HP: 19/19 MP: 1/1
   180 | D:1      | Reached XP level 2. HP: 27/27 MP: 2/2
   557 | D:1      | Noticed a floating eye
   559 | D:1      | Found a faded altar of an unknown god.
   561 | D:1      | Noticed a shining eye
   561 | D:1      | Noticed a shining eye
   561 | D:1      | Noticed a great orb of eyes
   980 | D:2      | Reached XP level 3. HP: 32/33 MP: 3/3
  1210 | D:2      | Reached XP level 4. HP: 40/40 MP: 4/4
  1449 | D:2      | Identified the +7 spear "Xegu" {vorpal, Int+6 Dex-2}
  1865 | D:3      | Reached XP level 5. HP: 46/47 MP: 5/5
  2095 | D:3      | Reached skill level 5 in Fighting
  2098 | D:3      | Reached XP level 6. HP: 20/56 MP: 6/6
  2127 | D:3      | Noticed Terence
  2155 | D:3      | Killed Terence
  2165 | D:3      | Found a glowing drain.
  2187 | Sewer    | Entered a sewer
  2923 | Sewer    | Reached skill level 5 in Axes
  2923 | Sewer    | Reached skill level 5 in Shields
  3374 | Sewer    | Reached skill level 5 in Armour
  3374 | Sewer    | Reached XP level 7. HP: 45/61 MP: 7/7
  4407 | D:3      | Cast into level 1 of the Abyss (orc wizard)
  4407 | Abyss:1  | Found a corrupted altar of Lugonu.
  4454 | Abyss:1  | Noticed a large abomination
  4464 | Abyss:1  | Mangled by a large abomination

Illustrated notes

Levels and vault maps discovered:
D:1:      dpeg_arrival_shrine, layout_basic,
          hellmonk_ecumenical_altar_watching_god, serial_park_tiny_pond,
          roderic_roman_lattice, grunt_decor_clamped
D:2:      wad_woods_settlement, layout_basic
D:3:      layout_loops_corners, portal_sewer_entry_f, kennysheep_generic_room_8,
          uniq_terence
Abyss:1:  base:
D:2

Skill      XL: |  1  2  3  4  5  6 |
---------------+-------------------+-----
Axes           | 3 4 5 |  5.5
Fighting       | 4 5 |  5.8
Armour         | 4 5 |  5.2
Shields        | 4 5 |  5.3

Action                   |  1- 3 |  4- 6 |  7- 9 || total
-------------------------+-------+-------+-------++-------
Melee: War axe           |    78 |    85 |       ||   163
       Dagger            |       |    80 |    92 ||   172
       Spear             |       |    38 |       ||    38
Throw: Boomerang         |       |     1 |       ||     1
  Use: Scroll            |       |     6 |     2 ||     8
       Potion            |       |     2 |       ||     2
Armor: Scale mail        |    37 |    66 |    18 ||   121
Dodge: Dodged            |    36 |    69 |    22 ||   127
Block: Buckler           |    14 |    37 |    16 ||    67
